 Dungeon Crawl Stone Soup version 0.17.1-1-g73c8601 (webtiles) character file.

2813 Goblin1989 the Cleaver (level 9, -1/73 HPs)
             Began as a Hill Orc Fighter on Jan 7, 2016.
             Was a Priest of Zin.
             Slain by a spatial maelstrom (16 damage)
             ... on level 1 of the Abyss.
             The game lasted 00:24:38 (7076 turns).

Goblin1989 the Cleaver (Hill Orc Fighter)           Turns: 7076, Time: 00:24:38

Health: -1/73      AC: 18    Str: 19    XL:     9   Next: 72%
Magic:  15/15      EV:  2    Int:  8    God:    Zin [***...]
Gold:   296        SH:  0    Dex: 20    Spells: 0 memorised, 8 levels left

rFire  . . .     SeeInvis .     I - +2 battleaxe
rCold  . . .     Clarity  .     a - +0 crystal plate armour
rNeg   . . .     SustAt   .     (shield currently unavailable)
rPois  .         Gourm    .     r - +0 helmet
rElec  .         Spirit   .     (no cloak)
rCorr  .         Warding  .     n - +0 pair of gloves
rMut   .         Stasis   .     (no boots)
MR     .....                    e - amulet of regeneration
Stlth  ..........               J - +4 ring of dexterity
                                b - +3 ring of dexterity

@: not resistant to hostile enchantments, extremely unstealthy
A: no striking features
a: Recite, Vitalisation, Imprison, Donate Gold, Renounce Religion


You were on level 1 of the Abyss.
You worshipped Zin.
Zin was most pleased with you.
You were not hungry.

You visited 2 branches of the dungeon, and saw 10 of its levels.
You visited the Abyss 1 time.

You collected 413 gold pieces.
You donated 117 gold pieces to Zin.

Inventory:

Hand Weapons
 I - a +2 battleaxe (weapon)
Missiles
 k - 8 poisoned javelins (quivered)
Armour
 a - a +0 crystal plate armour (worn)
 c - a +0 shield
 n - a +0 pair of gloves (worn)
 r - a +0 helmet (worn)
Jewellery
 b - a +3 ring of dexterity (left hand)
 e - an amulet of regeneration (around neck)
 J - a +4 ring of dexterity (right hand)
Wands
 p - a wand of lightning (8)
 s - a wand of paralysis (9)
 t - a wand of paralysis (7)
Scrolls
 f - 2 scrolls of magic mapping {unknown}
 g - 3 scrolls of blinking
 i - 4 scrolls of remove curse
 l - 9 scrolls of identify
 o - 5 scrolls of fear {unknown}
 v - 7 scrolls of teleportation {unknown}
 w - a scroll of noise {unknown}
 x - 2 scrolls of immolation {unknown}
 y - a scroll of recharging {unknown}
 B - a scroll of fog {unknown}
 E - 2 scrolls of enchant weapon {unknown}
Potions
 d - 4 potions of might
 h - 2 potions of resistance
 m - a potion of haste
 q - 7 potions of curing
 u - a potion of poison {unknown}
 F - a potion of brilliance
Comestibles
 j - 5 meat rations
 z - 20 fruits
 A - a beef jerky
 G - 2 bread rations


   Skills:
 * Level 4.9 Fighting
 + Level 13.6 Axes
 * Level 3.8 Armour
 - Level 3.2 Shields
 + Level 8.5 Invocations


You had 8 spell levels left.
You didn't know any spells.

Dungeon Overview and Level Annotations

Branches:
Dungeon (9/15)             Temple (1/1) D:4            Lair (0/8) D:9
    Orc: D:9-12

Altars:
Ashenzari
Dithmenos
Elyvilon
Fedhas
Gozag
Kikubaaqudgha
Nemelex Xobeh
Okawaru
Qazlal
Ru
Sif Muna
Xom
Yredelemnul
Zin
The Shining One


Message History

You slash the spatial maelstrom!
The spatial maelstrom is moderately damaged.
The spatial maelstrom hits you!
You blink.
A spatial vortex comes into view.
You hit the spatial maelstrom.
The spatial maelstrom is moderately damaged.
The spatial maelstrom hits you but does no damage. x2
The spatial maelstrom hits you but does no damage. x2
You slice the spatial maelstrom!!
The spatial maelstrom is severely damaged.
You hit the spatial vortex.
The spatial vortex is lightly damaged.
The spatial maelstrom hits you! Space warps horribly around you!
The spatial maelstrom hits you but does no damage.
You hit the spatial maelstrom.
The spatial maelstrom is severely damaged.
The spatial maelstrom hits you!
* * * LOW HITPOINT WARNING * * *
Space warps horribly around you!
You die...

.#. # ..# ###.
#..#.###.# .#. ##.#.#
. . ..# #.## . .##..
#...## .#..## .
#.#.#.###....# ยง.
####....##...#.##
#.... #.......#....##
#.###.#..##.#@v#....#
###. #.........#
....#.##....###
#..#.##. #.##..# #.
.. #. #.#....# #..##.
# ###...#.# .## ##
.#.. . #.#.. . #.


You could see a spatial maelstrom.

Vanquished Creatures
  A troll (D:9)
  A wyvern (D:8)
  A water moccasin (D:7)
  An orc warrior (D:8)
  3 sky beasts
  3 ogres
  An ice beast (D:7)
  2 phantoms (D:7)
  3 centaurs
  Blork the orc (D:4)
  3 giant frogs
  2 scorpions (D:6)
  4 wights (D:8)
  A crimson imp (D:5)
  2 giant frog skeletons
  A quasit (D:6)
  2 jellies
  5 orc wizards
  2 orc priests (D:8)
  2 iguanas
  4 worker ants
  A hound skeleton (D:9)
  Robin (D:2)
  9 adders
  A shadow imp (D:5)
  An adder skeleton (D:4)
  An adder zombie (D:5)
  5 giant geckos
  15 orcs
  5 bats
  8 giant cockroaches
  8 goblins
  11 hobgoblins
  7 jackals
  3 quokkas
  2 ball pythons
  A giant cockroach zombie (D:5)
  A giant gecko zombie (D:9)
  3 giant newts
  4 kobolds
  9 rats
141 creatures vanquished.

Notes
Turn   | Place    | Note
--------------------------------------------------------------
     0 | D:1      | Goblin1989 the Hill Orc Fighter began the quest for the Orb.
     0 | D:1      | Reached XP level 1. HP: 19/19 MP: 1/1
   298 | D:1      | Reached XP level 2. HP: 24/26 MP: 2/2
   389 | D:1      | Reached skill level 4 in Axes
   720 | D:1      | Reached XP level 3. HP: 29/31 MP: 3/3
   887 | D:2      | Noticed Robin
   903 | D:2      | Killed Robin
   903 | D:2      | Reached skill level 5 in Axes
  1142 | D:2      | Reached XP level 4. HP: 7/39 MP: 4/4
  1779 | D:3      | Reached skill level 6 in Axes
  2059 | D:3      | Found an opulent altar of Gozag.
  2104 | D:3      | Reached XP level 5. HP: 34/45 MP: 5/5
  2157 | D:3      | Found an iron altar of Okawaru.
  2157 | D:3      | Found a shattered altar of Ashenzari.
  2158 | D:3      | Found a glowing golden altar of the Shining One.
  2392 | D:4      | Reached skill level 7 in Axes
  2506 | D:4      | Found a staircase to the Ecumenical Temple.
  2513 | Temple   | Entered the Ecumenical Temple
  2535 | Temple   | Became a worshipper of Zin the Law-Giver
  2618 | D:4      | Reached * piety under Zin
  2788 | D:4      | Noticed Blork the orc
  2798 | D:4      | Killed Blork the orc
  2798 | D:4      | Reached XP level 6. HP: 41/51 MP: 5/7
  2874 | D:4      | Reached skill level 8 in Axes
  3103 | D:5      | Entered Level 5 of the Dungeon
  3132 | D:5      | Reached XP level 7. HP: 57/57 MP: 9/9
  3172 | D:5      | Reached skill level 9 in Axes
  3715 | D:6      | Reached skill level 10 in Axes
  3884 | D:6      | Reached skill level 5 in Invocations
  3884 | D:6      | Reached XP level 8. HP: 64/64 MP: 11/11
  3885 | D:6      | Donated 76 gold pieces to Zin
  3888 | D:6      | Reached ** piety under Zin
  3965 | D:6      | Found a sparkling altar of Nemelex Xobeh.
  4067 | D:6      | Found a basalt altar of Yredelemnul.
  4552 | D:6      | Reached skill level 11 in Axes
  5297 | D:7      | Reached skill level 12 in Axes
  5335 | D:7      | Found a shadowy altar of Dithmenos.
  5667 | D:8      | Reached XP level 9. HP: 70/70 MP: 14/14
  5822 | D:8      | Reached *** piety under Zin
  5845 | D:8      | HP: 1/70 [wight/enchanted battleaxe (10)]
  6136 | D:8      | Reached skill level 13 in Axes
  6374 | D:8      | Found a blossoming altar of Fedhas.
  6440 | D:8      | Found a stormy altar of Qazlal.
  6505 | D:8      | Found a blossoming altar of Fedhas.
  6565 | D:9      | Found a sacrificial altar of Ru.
  6837 | D:9      | Found a staircase to the Lair.
  6967 | D:9      | Noticed a wizard
  6976 | D:9      | Cast into the Abyss (a wizard)
  7033 | Abyss:1  | Found a corrupted altar of Lugonu.
  7068 | Abyss:1  | Noticed a spatial maelstrom
  7076 | Abyss:1  | Slain by a spatial maelstrom

Action                   |  1- 3 |  4- 6 |  7- 9 || total
-------------------------+-------+-------+-------++-------
Melee: War axe           |   114 |   148 |   287 ||   549
       Battleaxe         |       |       |    66 ||    66
Invok: Donate Gold       |       |       |     1 ||     1
       Imprison          |       |       |     1 ||     1
  Use: Potion            |     4 |       |     1 ||     5
       Scroll            |       |       |     4 ||     4
  Eat: Chunk             |       |     3 |     5 ||     8
       Bread ration      |       |     1 |     1 ||     2
       Meat ration       |       |       |     1 ||     1
       Royal jelly       |       |       |     1 ||     1
